 Dungeon Crawl Stone Soup version 0.29.1-15-g9cfb28693d (webtiles) character file.

Game seed: 13961920303212280723

16725 Peloso the Fencer (level 12, -7/110 HPs)
             Began as a Minotaur Fighter on Apr 29, 2023.
             Was a High Priest of Okawaru.
             Killed from afar by Fannar (20 damage)
             ... with a bolt of cold
             ... on level 10 of the Dungeon.
             The game lasted 00:17:42 (9762 turns).

Peloso the Fencer (Minotaur Fighter)                Turns: 9762, Time: 00:17:43

Health: -7/110     AC: 21    Str: 25    XL:     12   Next: 12%
Magic:  11/11      EV: 15    Int:  5    God:    Okawaru [*****.]
Gold:   725        SH:  6    Dex: 16    Spells: 11/11 levels left

rFire   . . .      SeeInvis .   a - +4 scimitar (flame)
rCold   . . .      Faith    .   d - +0 buckler
rNeg    . . .      Spirit   .   f - +0 swamp dragon scales
rPois   +          Reflect  .   n - +2 hat
rElec   .          Harm     .   D - +0 cloak
rCorr   .          Rampage  .   l - +2 pair of gloves "Tomish" {Dex+5}
Will    .....                   s - +0 pair of boots
Stlth   ++........              x - amulet of regeneration
HPRegen 1.08/turn               h - +4 ring of protection
MPRegen 0.12/turn               (no ring)

@: no status effects
A: horns 2, retaliatory headbutt
a: Renounce Religion, Heroism, Finesse, Duel


You were on level 10 of the Dungeon.
You worshipped Okawaru.
Okawaru was extremely pleased with you.
You visited 2 branches of the dungeon, and saw 11 of its levels.
You visited the Abyss 1 time.

You collected 725 gold pieces.

Inventory:

Hand Weapons
 a - a +4 scimitar of flaming (weapon)
 b - a +3 scimitar of flaming
 c - a +0 long sword
Armour
 d - a +0 buckler (worn)
 f - +0 swamp dragon scales (worn)
 l - the +2 pair of gloves "Tomish" (worn) {Dex+5}
   (You found it on level 2 of the Dungeon)

   Dex:       It affects your dexterity (+5).
 n - a +2 hat (worn)
 s - a +0 pair of boots (worn)
 D - a +0 cloak (worn)
Jewellery
 g - an amulet of faith
 h - a +4 ring of protection (left hand)
 x - an amulet of regeneration (around neck)
 y - a ring of fire
Wands
 m - a wand of flame (18)
 C - a wand of polymorph (22)
 E - a wand of quicksilver (7)
 L - a wand of digging (10)
Scrolls
 j - 2 scrolls of magic mapping {unknown}
 k - 2 scrolls of vulnerability {unknown}
 o - 3 scrolls of immolation
 q - 2 scrolls of fear {unknown}
 r - a scroll of amnesia {unknown}
 t - a scroll of enchant weapon {unknown}
 v - a scroll of noise {unknown}
 F - a scroll of silence {unknown}
 H - 2 scrolls of identify
 J - a scroll of torment {unknown}
 K - a scroll of summoning {unknown}
Potions
 i - 5 potions of brilliance
 u - a potion of mutation
 w - 6 potions of curing
 z - a potion of attraction {unknown}
 A - a potion of berserk rage {unknown}
 B - a potion of cancellation {unknown}
 G - 2 potions of invisibility {unknown}
 I - 2 potions of magic {unknown}
 M - a potion of resistance


   Skills:
 + Level 11.2 Fighting
 + Level 15.4 Long Blades
 + Level 8.7 Armour
 + Level 7.9 Dodging
 + Level 2.6 Stealth
 + Level 9.2 Shields
 + Level 1.0 Invocations


You had 11 spell levels left.
You didn't know any spells.
Your spell library contained the following spells:

 Spells                   Type           Power      Damage    Failure   Level
 Scorch                   Fire           0%         2d5       80%         2
 Flame Wave               Conj/Fire      0%         2d4       100%        4
 Summon Cactus Giant      Summ           Unusable   N/A       N/A         6

Dungeon Overview and Level Annotations

Branches:
Dungeon (10/15)            Temple (1/1) D:7            Lair (0/5) D:8
    Orc: D:9-12

Altars:
Ashenzari
Dithmenos
Elyvilon
Fedhas
Gozag
Hepliaklqana
Kikubaaqudgha
Makhleb
Nemelex Xobeh
Okawaru
Qazlal
Ru
Trog
Wu Jian
Xom
Yredelemnul
Zin
The Shining One

Shops:
D:6 [   D:7 =

Annotations:
D:10 Erolcha, Fannar


Innate Abilities, Weirdness & Mutations

You have a pair of horns on your head.
You reflexively headbutt those who attack you in melee.


Message History

You destroy the starspawn tentacle!
You block the starspawn tentacle's attack.
You slash the tentacled starspawn! You burn the tentacled starspawn.
You headbutt the tentacled starspawn!
The tentacled starspawn is severely damaged.
The tentacled starspawn closely misses you.
You furiously retaliate!
You headbutt the tentacled starspawn, but do no damage.
The tentacled starspawn tentacle-slaps you.
* * * LOW HITPOINT WARNING * * *
You block the starspawn tentacle's attack.
You hit the tentacled starspawn. You burn the tentacled starspawn.
You headbutt the tentacled starspawn.
The tentacled starspawn is severely damaged.
The tentacled starspawn bites you but does no damage.
The tentacled starspawn tentacle-slaps you but does no damage.
Unknown command.
You slash the tentacled starspawn! You burn the tentacled starspawn.
The tentacled starspawn is almost destroyed.
You block the starspawn tentacle's attack.
The ice beast hits you but does no damage.
The tentacled starspawn bites you!!
* * * LOW HITPOINT WARNING * * *
The tentacled starspawn tentacle-slaps you but does no damage.
You hit the tentacled starspawn but do no damage.
The tentacled starspawn is almost destroyed.
You block the starspawn tentacle's attack.
Fannar glares icily.
The ice beast closely misses you. You furiously retaliate!
You headbutt the ice beast!
Unknown command.
You feel better.
The tentacled starspawn barely misses you.
The tentacled starspawn tentacle-slaps you.
* * * LOW HITPOINT WARNING * * *
The starspawn tentacle completely misses you.
Fannar casts a spell at you.
The bolt of cold hits the ice beast.
The ice beast completely resists.
The bolt of cold hits you!!
You die...

#.. ..#......... #.
.#......... # ###
#......... .. #.........
.. #.........
######'########..)......
#......#.........)......
......w#.........)......
......X@.####...........
......YY.# #...........#
.....{e....###........##
...........^#.....##.###
........##.........#.###
...###..# .##.....##..#.
... ##.# ..##..........
.. ..# ###......###.
##.....####


You could see a tentacled starspawn, Fannar, 2 ice beasts and a starspawn
tentacle.

Vanquished Creatures
  A tentacled monstrosity (Abyss:1)
  A two-headed ogre (D:9)
  Erica (D:9)
  A thrashing horror (Abyss:1)
  Amaemon (D:10)
  2 sixfirhies (Abyss:1)
  Pikel (D:7)
  A salamander (shapeshifter) (Abyss:1)
  Maurice (D:10)
  A smoke demon (Abyss:1)
  Maggie (D:6)
  Joseph (D:7)
  An orange demon (D:10)
  An ancient zyme (Abyss:1)
  A troll (D:9)
  A hornet (D:10)
  Sigmund (D:2)
  8 flying skulls (Abyss:1)
  3 ynoxinuls (Abyss:1)
  4 wyverns
  2 basilisks (D:8)
  5 yaks (D:9)
  3 large abominations (Abyss:1)
  3 small abominations (Abyss:1)
  A wraith (Abyss:1)
  A neqoxec (Abyss:1)
  2 steam dragons
  4 water moccasins
  An acid dragon (D:9)
  Duvessa (D:6)
  5 orc warriors
  2 sky beasts (D:7)
  5 black bears
  An ice beast (D:6)
  An ogre (D:5)
  A wolf (D:8)
  2 centaurs
  A lemure (D:7)
  A phantom (D:6)
  2 kobold brigands
  A necrophage (D:6)
  6 scorpions
  7 wights
  Dowan (D:6)
  7 killer bees (D:8)
  4 howler monkeys
  A quasit (Abyss:1)
  3 hounds
  A jelly (D:5)
  Crazy Yiuf (D:3)
  5 orc priests
  3 iguanas
  A gnoll bouda (D:8)
  3 orc wizards
  10 gnolls
  7 adders
  3 shadow imps
  2 white imps
  2 ufetubi
  4 worms
  4 dart slugs
  23 orcs
  6 ball pythons
  3 bats
  5 endoplasms
  A giant cockroach (D:2)
  5 goblins
  9 hobgoblins
  A jackal (D:1)
  11 kobolds
  3 quokkas
  3 frilled lizards
  4 rats
  A starspawn tentacle (D:10)
228 creatures vanquished.

Vanquished Creatures (others)
  Eustachio (D:5)
  A kobold (D:10)
  A fungus (D:8)
  3 plants (D:8)
  10 starspawn tentacles
16 creatures vanquished.

Grand Total: 244 creatures vanquished

Notes
Turn   | Place    | Note
-------+----------+-------------------------------------------
     0 | D:1      | Peloso the Minotaur Fighter began the quest for the Orb.
     0 | D:1      | Reached XP level 1. HP: 19/19 MP: 0/0
   195 | D:1      | Reached XP level 2. HP: 27/27 MP: 1/1
  1066 | D:2      | Reached XP level 3. HP: 33/33 MP: 2/2
  1079 | D:2      | Reached skill level 1 in Dodging
  1213 | D:2      | Reached skill level 3 in Long Blades
  1246 | D:2      | Identified the +2 pair of gloves "Tomish" {Dex+5}
  1352 | D:2      | Reached XP level 4. HP: 41/41 MP: 3/3
  1634 | D:2      | Noticed Sigmund
  1641 | D:2      | Killed Sigmund
  1642 | D:2      | Reached skill level 5 in Long Blades
  1642 | D:2      | Reached XP level 5. HP: 38/47 MP: 4/4
  1839 | D:2      | Reached XP level 6. HP: 53/53 MP: 5/5
  2138 | D:3      | Found a runed translucent door.
  2139 | D:3      | Noticed Crazy Yiuf
  2271 | D:3      | Found a faded altar of an unknown god.
  2652 | D:4      | Reached skill level 5 in Armour
  3042 | D:4      | Reached skill level 6 in Long Blades
  3279 | D:4      | Found a hazy altar of Hepliaklqana.
  3359 | D:5      | Entered Level 5 of the Dungeon
  3458 | D:5      | Reached skill level 5 in Fighting
  3458 | D:5      | Reached XP level 7. HP: 51/61 MP: 6/6
  3929 | D:5      | Noticed Eustachio
  3947 | D:5      | Noticed a steam dragon
  3947 | D:5      | Killed Eustachio
  3964 | D:5      | Killed a steam dragon
  3965 | D:5      | Reached skill level 7 in Long Blades
  4913 | D:6      | Found Dodybej's Antique Armour Emporium.
  4938 | D:6      | Reached XP level 8. HP: 69/69 MP: 7/7
  4964 | D:6      | Noticed Dowan
  4981 | D:6      | Noticed Duvessa
  5090 | D:6      | Killed Duvessa
  5091 | D:6      | Reached skill level 8 in Long Blades
  5091 | D:6      | Reached skill level 1 in Stealth
  5091 | D:6      | Reached skill level 5 in Shields
  5092 | D:6      | Killed Dowan
  5133 | D:6      | Noticed Maggie
  5172 | D:6      | Killed Maggie
  5261 | D:6      | Reached skill level 9 in Long Blades
  5471 | D:6      | Reached XP level 9. HP: 78/78 MP: 8/8
  5870 | D:3      | Killed Crazy Yiuf
  6043 | D:7      | Reached skill level 5 in Dodging
  6045 | D:7      | Reached skill level 10 in Long Blades
  6064 | D:7      | Noticed Pikel
  6075 | D:7      | Killed Pikel
  6187 | D:7      | Found a shadowy altar of Dithmenos.
  6222 | D:7      | Noticed Joseph
  6236 | D:7      | Killed Joseph
  6237 | D:7      | Reached skill level 11 in Long Blades
  6254 | D:7      | Found a staircase to the Ecumenical Temple.
  6276 | Temple   | Entered the Ecumenical Temple
  6398 | Temple   | Became a worshipper of Warmaster Okawaru
  6549 | D:7      | Found Sicwa's Jewellery Emporium.
  6981 | D:7      | Found an opulent altar of Gozag.
  6981 | D:7      | Found a basalt altar of Yredelemnul.
  7176 | D:8      | Found a staircase to the Lair.
  7191 | D:8      | Reached * piety under Okawaru
  7197 | D:8      | Reached XP level 10. HP: 88/88 MP: 9/9
  7219 | D:8      | Reached skill level 12 in Long Blades
  7341 | D:8      | Reached ** piety under Okawaru
  7923 | D:9      | Noticed a two-headed ogre
  7930 | D:9      | Killed a two-headed ogre
  7931 | D:9      | Reached skill level 13 in Long Blades
  8035 | D:9      | Noticed Erica
  8043 | D:9      | Killed Erica
  8043 | D:9      | Reached *** piety under Okawaru
  8163 | D:9      | Reached XP level 11. HP: 97/97 MP: 10/10
  8305 | D:9      | Reached **** piety under Okawaru
  8608 | D:10     | Entered Level 10 of the Dungeon
  8702 | D:10     | Noticed Maurice
  8710 | D:10     | Killed Maurice
  8711 | D:10     | Reached skill level 14 in Long Blades
  8779 | D:10     | Noticed Amaemon
  8801 | D:10     | Killed Amaemon
  8801 | D:10     | Received a gift from Okawaru
  8823 | D:10     | Noticed Erolcha
  8827 | Abyss:1  | Cast into level 1 of the Abyss (Erolcha)
  9020 | Abyss:1  | Reached skill level 10 in Fighting
  9100 | Abyss:1  | Noticed a sixfirhy
  9113 | Abyss:1  | Killed a sixfirhy
  9148 | Abyss:1  | Noticed a wretched star
  9153 | Abyss:1  | Noticed a glowing orange brain
  9156 | Abyss:1  | Noticed a brown very ugly thing
  9254 | Abyss:1  | Noticed a thrashing horror
  9278 | Abyss:1  | Killed a thrashing horror
  9314 | Abyss:1  | Noticed a sixfirhy
  9323 | Abyss:1  | Killed a sixfirhy
  9323 | Abyss:1  | Reached ***** piety under Okawaru
  9324 | Abyss:1  | Reached skill level 15 in Long Blades
  9333 | Abyss:1  | Reached skill level 1 in Invocations
  9344 | Abyss:1  | Noticed a tentacled starspawn
  9352 | Abyss:1  | Noticed a bone dragon
  9535 | Abyss:1  | Reached XP level 12. HP: 74/110 MP: 11/11
  9580 | Abyss:1  | Noticed a bone dragon
  9646 | Abyss:1  | Noticed a tentacled starspawn
  9673 | Abyss:1  | Noticed a tentacled monstrosity
  9686 | Abyss:1  | Killed a tentacled monstrosity
  9686 | Abyss:1  | Received a gift from Okawaru
  9691 | D:10     | Escaped the Abyss
  9741 | D:10     | Noticed Fannar
  9760 | D:10     | HP: 5/110 [tentacled starspawn (18)]
  9762 | D:10     | Killed from afar by Fannar

Illustrated notes

Levels and vault maps discovered:
D:1:      lightli_arrival_isolated_outpost, layout_basic, minmay_tromino_i4
D:2:      layout_basic, grunt_ministairs_5, kennysheep_generic_room_8,
          uniq_sigmund
D:3:      layout_rooms, hellmonk_ecumenical_altar_leap_of_faith,
          uniq_crazy_yiuf_cottage
D:4:      layout_basic, amcnicky_altar_gilded, nrook_mini_backslash
D:5:      layout_layer_cave, uniq_eustachio
D:6:      layout_basic, serial_shops, nicolae_shop_crystal, uniq_maggie,
          uniq_duvessa
D:7:      layout_basic, nicolae_dithmenos_through_a_glass_darkly,
          gammafunk_temple_overflow_pools,
          minmay_temple_entry_statues_fountains, serial_shops, shop,
          uniq_joseph, uniq_pikel
D:8:      layout_basic, minmay_lair_entry_grove, minmay_misc_feat_square,
          hangedman_decor_peaks_small
D:9:      layout_roguey, uniq_erica
D:10:     lemuel_insect_pit, layout_cave_pools, kennysheep_potato, uniq_erolcha,
          uniq_fannar, uniq_amaemon, uniq_maurice
Temple:   dpeg_five_rooms_temple

Skill      XL: |  1  2  3  4  5  6  7  8  9 10 11 |
---------------+----------------------------------+-----
Armour         | 4 5 6 7 8 |  8.7
Shields        | 4 5 6 7 9 |  9.2
Fighting       | 4 5 6 7 9 11 | 11.2
Dodging        | 1 2 3 4 5 6 7 |  7.9
Long Blades    | 3 5 6 7 9 11 13 15 | 15.4
Stealth        | 1 2 |  2.6
Invocations    | 1 |  1.0

Action                   |  1- 3 |  4- 6 |  7- 9 | 10-12 || total
-------------------------+-------+-------+-------+-------++-------
Melee: Long sword        |    67 |    95 |    93 |       ||   255
       Headbutt          |    12 |    13 |    37 |    76 ||   138
       Scimitar          |       |       |   108 |   408 ||   516
Invok: Heroism           |       |       |       |     5 ||     5
Evoke: Wand              |       |       |       |     1 ||     1
  Use: Potion            |       |     1 |     4 |     3 ||     8
       Scroll            |       |     1 |     5 |     3 ||     9
 Stab: Sleeping          |       |       |     1 |       ||     1
Armor: Scale mail        |    46 |    55 |    10 |       ||   111
       Steam dragon scal |       |       |    20 |       ||    20
       Swamp dragon scal |       |       |    47 |   189 ||   236
Dodge: Dodged            |    46 |    61 |    99 |   232 ||   438
Block: Buckler           |    16 |    28 |    39 |   118 ||   201
